 Dungeon Crawl Stone Soup version 0.16.0-16-g311141a (webtiles) character file.

8094 valak23 the Carver (level 11, -6/95 HPs)
             Began as a Mottled Draconian Berserker on Mar 19, 2015.
             Was the Champion of Trog.
             Mangled by an eight-headed hydra (13 damage)
             ... on level 2 of the Lair of Beasts.
             The game lasted 00:32:47 (7574 turns).

valak23 the Carver (Mottled Draconian Berserker)    Turns: 7574, Time: 00:32:50

Health: -6/95      AC: 14    Str: 20    XL:     11   Next: 5%
Magic:  6/6        EV: 17    Int:  8    God:    Trog [******]
Gold:   621        SH:  4    Dex: 13    Spells: 0 memorised, 10 levels left

rFire  . . .     SeeInvis .     v - +2 demon blade (antimagic)
rCold  . . .     Clarity  +     (armour unavailable)
rNeg   . . .     SustAb   .     f - +0 buckler
rPois  +         Gourm    .     (helmet restricted)
rElec  .         Spirit   .     j - +2 cloak
rCorr  +         Warding  .     s - -2 pair of gloves of Trial and Error {rPois Regen+ rCorr MP+9}
rMut   .         Stasis   .     p - +1 pair of boots
MR     +++..                    H - amulet of clarity
Stlth  ++........               u - +3 ring of protection
                                c - ring of protection from magic

@: regenerating, extremely resistant to hostile enchantments, unstealthy
A: breathe sticky flames, unfitting armour, blink 1, clarity, sense surroundings
1, cold-blooded, AC +7
a: Breathe Sticky Flame, Blink, Burn Spellbooks, Berserk, Trog's Hand, Brothers
in Arms, Renounce Religion


You were on level 2 of the Lair of Beasts.
You worshipped Trog.
Trog was exalted by your worship.
You were not hungry.

You visited 3 branches of the dungeon, and saw 11 of its levels.
You also visited: Ossuary.

You collected 621 gold pieces.

Inventory:

Hand weapons
 a - a cursed +3 falchion
 b - a +2 battleaxe
 n - a +3 antimagic quarterstaff
 v - a +2 antimagic demon blade (weapon)
 y - a +1 great sword of freezing
 E - a +1 broad axe of chopping
Missiles
 C - 5 arrows of flame
 D - 7 silver tomahawks (quivered)
Armour
 f - a +0 buckler (worn)
 j - a +2 cloak (worn)
 p - a +1 pair of boots (worn)
 s - the -2 pair of gloves of Trial and Error (worn) {rPois Regen+ rCorr MP+9}
   (You acquired it on level 6 of the Dungeon)

   It protects you from poison.
   It affects your magic capacity (+9).
   It increases your rate of regeneration.
   It protects you from acid and corrosion.
 A - a shadow dragon hide
Jewellery
 c - a ring of protection from magic (left hand)
 i - a +3 ring of strength {unknown}
 u - a +3 ring of protection (right hand)
 x - an uncursed ring of flight
 H - an amulet of clarity (around neck)
Scrolls
 e - a scroll of blinking
 g - 8 scrolls of remove curse
 o - 4 scrolls of magic mapping
 t - 3 scrolls of teleportation
 z - 2 scrolls of recharging
Potions
 d - a potion of poison {unknown}
 k - 2 potions of might
 l - a potion of beneficial mutation {unknown}
 q - a potion of resistance
 r - 3 potions of curing
 w - a potion of magic {unknown}
 F - 2 potions of heal wounds {unknown}
 G - a potion of degeneration {unknown}
Comestibles
 h - 2 slices of pizza
 m - a fruit
 B - 3 royal jellies


   Skills:
 + Level 8.4 Fighting
 * Level 10.7 Long Blades
 + Level 10.2 Dodging
 + Level 3.9 Stealth
 - Level 2.2 Shields


You had 10 spell levels left.
You didn't know any spells.

Dungeon Overview and Level Annotations

Branches:
Dungeon (8/15)             Temple (1/1) D:7            Lair (2/8) D:8

Altars:
Ashenzari
Cheibriados
Dithmenos
Elyvilon
Fedhas
Gozag
Makhleb
Nemelex Xobeh
Ru
Sif Muna
Trog
Vehumet
Xom
Yredelemnul
Zin
The Shining One


Innate Abilities, Weirdness & Mutations

You can spit globs of burning liquid.
You can ignite nearby creatures when you spit burning liquid.
Your weird mottled scales are hard (AC +7).
Your body does not fit into most forms of armour.
Your cold-blooded metabolism reacts poorly to cold.
You can translocate small distances at will.
You possess an exceptional clarity of mind.
You passively map a small area around you.


Message History

You block the eight-headed hydra's attack.
The eight-headed hydra barely misses you.
The eight-headed hydra bites you.
Use which ability? (? or * to list)
Your skin crawls.
You feel resistant to hostile enchantments.
You feel slightly more hungry.
The eight-headed hydra bites you but does no damage. x2
The eight-headed hydra bites you. The eight-headed hydra bites you!
The eight-headed hydra barely misses you.
The eight-headed hydra misses you. The eight-headed hydra bites you!
* * * LOW HITPOINT WARNING * * *
The eight-headed hydra bites you but does no damage.
You have got your breath back.
The eight-headed hydra bites you.
* * * LOW HITPOINT WARNING * * *
The eight-headed hydra bites you!
* * * LOW HITPOINT WARNING * * *
The eight-headed hydra bites you!
You die...

#*#)..........# #..............#
###.+.##.#### ###..##........#
##...### ######..(.>... * ##..P#
####......... ##..#
##.##........# * #..##
##..PP..##..#.. ####...####
#...............
#.##.#..#.###...............#
#####.†......YYD@.#........######
......##.#.#####.#.........#
.##.###...## ###.......<.# ,*###
#...# ######.+.## ##..# ##.##
#..# .. ##.# #.# #.. #. *P.# #+ *


You could see an eight-headed hydra and 2 yaks.

Vanquished Creatures
  The ghost of B1inky the Conjurer, an experienced OpCj of Ashenzari (D:8)
  Pikel (D:4)
  A black mamba (Lair:1)
  3 spiny frogs
  Grinder (D:4)
  A deep elf fighter (D:8)
  Eustachio (D:4)
  8 yaks
  A hungry ghost (D:7)
  2 orc warriors
  6 wolves (Lair:1)
  A sky beast (D:8)
  A slave (D:4)
  4 phantoms
  4 porcupines (Lair:1)
  A black bear (D:7)
  3 ice beasts
  An ogre (D:7)
  2 centaurs (D:7)
  5 giant frogs
  4 killer bees (D:8)
  5 wights (D:6)
  3 goliath beetles
  A crimson imp (D:5)
  A jelly (D:6)
  A quasit (D:8)
  A gnoll shaman (D:6)
  3 orc priests
  An iguana (Lair:1)
  Natasha (thrice) (D:3)
  9 hounds
  3 worker ants
  4 orc wizards
  A killer bee zombie (D:8)
  Ijyb (D:7)
  A big kobold zombie (Ossuary)
  4 mummies
  15 gnolls
  10 adders
  11 river rats
  A shadow imp (D:8)
  3 worms
  3 giant mites
  An adder zombie (Ossuary)
  2 adder skeletons
  9 giant geckos
  An ooze (D:2)
  12 orcs
  19 bats
  A bat skeleton (D:7)
  4 giant cockroaches
  7 goblins
  17 hobgoblins
  27 jackals
  3 quokkas (D:6)
  A giant gecko skeleton (D:4)
  5 giant newts
  3 giant spores
  2 goblin zombies (Ossuary)
  A hobgoblin zombie (Ossuary)
  10 kobolds
  2 kobold zombies (Ossuary)
  An orc zombie (Ossuary)
  A quokka skeleton (D:5)
  4 quokka zombies (Ossuary)
  19 rats
  6 rat zombies (Ossuary)
  A spectral orc (D:6)
  8 ballistomycetes
304 creatures vanquished.

Vanquished Creatures (collateral kills)
  A worker ant (D:6)
  A gnoll (D:6)
  A giant cockroach (D:6)
  A giant newt (D:6)
4 creatures vanquished.

Vanquished Creatures (others)
  An ogre (D:6)
  A fungus (D:8)
2 creatures vanquished.

Grand Total: 310 creatures vanquished

Notes
Turn   | Place    | Note
--------------------------------------------------------------
     0 | D:1      | valak23, the Draconian Berserker, began the quest for the Orb.
     0 | D:1      | Reached XP level 1. HP: 19/19 MP: 1/1
   170 | D:1      | Reached XP level 2. HP: 24/26 MP: 2/2
   244 | D:1      | You fall through a shaft!
   364 | D:1      | Found a glowing golden altar of the Shining One.
   807 | D:2      | Reached skill level 4 in Fighting
   928 | D:2      | Acquired Trog's second power
   928 | D:2      | Reached XP level 3. HP: 20/33 MP: 3/3
  1343 | D:2      | Reached XP level 4. HP: 27/40 MP: 4/4
  1672 | D:3      | Noticed Natasha
  1680 | D:3      | Killed Natasha
  2037 | D:3      | Noticed Natasha
  2045 | D:3      | Killed Natasha
  2045 | D:3      | Reached XP level 5. HP: 28/46 MP: 5/5
  2055 | D:3      | Found a shattered altar of Ashenzari.
  2191 | D:3      | Noticed Natasha
  2195 | D:3      | Killed Natasha
  2233 | D:3      | Gained mutation: You possess an exceptional clarity of mind. [potion of mutation]
  2233 | D:3      | Gained mutation: You passively map a small area around you. [potion of mutation]
  2233 | D:3      | Gained mutation: You can translocate small distances at will. [potion of mutation]
  2303 | D:4      | Acquired Trog's third power
  2566 | D:4      | Noticed Eustachio
  2587 | D:4      | Killed Eustachio
  2587 | D:4      | Reached skill level 5 in Dodging
  2587 | D:4      | Reached skill level 1 in Stealth
  2587 | D:4      | Reached XP level 6. HP: 22/53 MP: 6/6
  2652 | D:4      | Found a sand-covered staircase.
  2668 | Ossuary  | Entered an ossuary
  2678 | Ossuary  | HP: 1/55 [mummy (15)]
  2980 | D:4      | Noticed a phantom
  3004 | D:4      | Killed a phantom
  3004 | D:4      | Your scales start taking on a weird mottled pattern.
  3004 | D:4      | Reached XP level 7. HP: 46/60 MP: 7/7
  3100 | D:4      | Noticed Grinder
  3114 | D:4      | Killed Grinder
  3114 | D:4      | Reached skill level 5 in Fighting
  3114 | D:4      | Reached skill level 5 in Long Blades
  3114 | D:4      | Reached skill level 6 in Dodging
  3468 | D:4      | Noticed a slave
  3479 | D:4      | Noticed Pikel
  3482 | D:4      | Killed a slave
  3490 | D:4      | Noticed a slave
  3495 | D:4      | Noticed a slave
  3497 | D:4      | Killed Pikel
  3497 | D:4      | Reached skill level 7 in Dodging
  3497 | D:4      | Reached skill level 1 in Shields
  3497 | D:4      | Reached XP level 8. HP: 50/69 MP: 8/8
  3502 | D:4      | Noticed a freed slave
  3695 | D:5      | Entered Level 5 of the Dungeon
  4247 | D:6      | Reached XP level 9. HP: 51/75 MP: 9/9
  4310 | D:6      | Reached skill level 8 in Dodging
  4495 | D:6      | Identified a scroll of acquirement
  4496 | D:6      | Got a pair of ancient gloves
  4497 | D:6      | Identified the -2 pair of gloves of Trial and Error {rPois Regen+ rCorr MP+9} (You acquired it on level 6 of the Dungeon)
  4649 | D:6      | Received a gift from Trog
  4695 | D:6      | Found a basalt altar of Yredelemnul.
  5070 | D:7      | Found a staircase to the Ecumenical Temple.
  5076 | Temple   | Entered the Ecumenical Temple
  5345 | D:7      | Noticed Ijyb
  5357 | D:7      | Killed Ijyb
  6258 | D:8      | Noticed B1inky's ghost (experienced OpCj)
  6274 | D:8      | Killed B1inky's ghost
  6274 | D:8      | Reached skill level 9 in Dodging
  6274 | D:8      | Reached XP level 10. HP: 84/84 MP: 10/10
  6592 | D:8      | Received a gift from Trog
  6679 | D:8      | Received a gift from Trog
  6747 | D:8      | Found a staircase to the Lair.
  6775 | Lair:1   | Entered Level 1 of the Lair of Beasts
  7093 | Lair:1   | Reached skill level 10 in Long Blades
  7125 | Lair:1   | Received a gift from Trog
  7217 | Lair:1   | Reached skill level 10 in Dodging
  7257 | Lair:1   | Noticed a black mamba
  7263 | Lair:1   | Killed a black mamba
  7544 | Lair:2   | Noticed a five-headed hydra
  7549 | Lair:2   | Reached XP level 11. HP: 90/94 MP: 6/11
  7574 | Lair:2   | Mangled by an eight-headed hydra

Action                   |  1- 3 |  4- 6 |  7- 9 | 10-12 || total
-------------------------+-------+-------+-------+-------++-------
Melee: Falchion          |   118 |   188 |   162 |       ||   468
       Great sword       |       |       |   152 |   182 ||   334
       Demon blade       |       |       |       |    50 ||    50
Invok: Brothers in Arms  |       |       |     1 |       ||     1
       Burn Spellbooks   |       |       |       |     1 ||     1
       Trog's Hand       |       |       |       |     1 ||     1
 Abil: Blink             |       |     1 |       |       ||     1
       Breathe Sticky Fl |       |       |     1 |     1 ||     2
  Use: Scroll            |       |    16 |    12 |     5 ||    33
       Potion            |       |     3 |       |       ||     3
 Stab: Sleeping          |       |     2 |     2 |     1 ||     5
       Distracted        |       |       |     1 |       ||     1
  Eat: Bread ration      |     1 |     2 |     1 |       ||     4
       Royal jelly       |       |       |     1 |       ||     1
       Meat ration       |       |       |       |     1 ||     1
       Fruit             |       |       |       |     1 ||     1
